 Dungeon Crawl Stone Soup version 0.26.1-11-gd32895ea62 (webtiles) character file.

Game seed: 5783286901000399332

29 kodamatunes15 the Ruffian (level 3, -1/30 HPs)
             Began as a Ghoul Gladiator on May 19, 2021.
             Slain by an adder (2 damage)
             ... on level 2 of the Dungeon.
             The game lasted 00:03:36 (1356 turns).

kodamatunes15 the Ruffian (Ghoul Gladiator)         Turns: 1356, Time: 00:03:36

Health: -1/30      AC:  4    Str: 17    XL:     3   Next: 16%
Magic:  2/2        EV: 12    Int:  4    God:
Gold:   78         SH:  0    Dex: 10    Spells: 2/2 levels left

rFire    . . .     SeeInvis .   d - +0 short sword
rCold    + . .     Faith    .   (no shield)
rNeg     + + +     Spirit   .   a - +0 leather armour
rPois    ∞         Reflect  .   b - +0 helmet
rElec    .         Harm     .   (no cloak)
rCorr    .         Rampage  .   (no gloves)
Will     .....                  (no boots)
Stlth    +.........             (no amulet)
HPRegen  0.00/turn              (no ring)
MPRegen  0.08/turn              (no ring)

@: no status effects
A: claws 1, cold resistance 1, negative energy resistance 3, inhibited
regeneration, torment resistance, unbreathing
a: no special abilities


You were on level 2 of the Dungeon.
You visited 1 branch of the dungeon, and saw 2 of its levels.

You collected 78 gold pieces.

Inventory:

Hand Weapons
 d - a +0 short sword (weapon)
Missiles
 c - 3 throwing nets (quivered)
Armour
 a - a +0 leather armour (worn)
 b - a +0 helmet (worn)
Scrolls
 g - a scroll of noise {unknown}
Potions
 e - a potion of invisibility {unknown}
 f - 2 potions of berserk rage {unknown}


   Skills:
 + Level 2.4 Fighting
 + Level 0.3 Short Blades
 + Level 1.8 Throwing
 + Level 0.4 Armour
 + Level 3.0 Dodging
 + Level 3.9 Unarmed Combat


You had 2 spell levels left.
You didn't know any spells.
Your spell library was empty.

Dungeon Overview and Level Annotations

Branches:
Dungeon (2/15)

Altars:


Innate Abilities, Weirdness & Mutations

You thrive by killing the living.
You are immune to poison.
You have sharp fingernails.
Your flesh is cold resistant. (rC+)
You are immune to negative energy. (rN+++)
You do not regenerate when monsters are visible.
You are immune to unholy pain and torment.
You can survive without breathing.


Message History

You hit the jackal but do no damage. The adder bites you but does no damage.
The jackal closely misses you. The adder barely misses you.
You closely miss the jackal.
The jackal bites you but does no damage.
The adder misses you.
The jackal bites you but does no damage.
You hit the jackal.
You kill the jackal!
The adder bites you but does no damage.
The jackal bites you but does no damage.
The adder bites you.
* * * LOW HITPOINT WARNING * * *
You hit the jackal.
You kill the jackal!
You feel better. The adder bites you.
* * * LOW HITPOINT WARNING * * *
You hit the adder.
The adder is heavily wounded.
The adder bites you but does no damage. The adder bites you.
You die...

#.....
#.....
#.....
#.....
#.....
#....h##
#..SS#
#@# #.#
#.# #.#
#.# #.#
#)# #.#
#.#


You could see 2 adders and a jackal.

Vanquished Creatures
  A leopard gecko (D:1)
  2 giant cockroaches (D:1)
  2 goblins (D:1)
  3 hobgoblins
  4 jackals
  A bat (D:1)
  A frilled lizard (D:1)
  7 kobolds (D:1)
  6 rats (D:1)
27 creatures vanquished.

Notes
Turn   | Place    | Note
-------+----------+-------------------------------------------
     0 | D:1      | kodamatunes15 the Ghoul Gladiator began the quest for the
                  | Orb.
     0 | D:1      | Reached XP level 1. HP: 17/17 MP: 0/0
   164 | D:1      | Reached XP level 2. HP: 23/24 MP: 1/1
   961 | D:1      | Reached XP level 3. HP: 30/30 MP: 2/2
  1355 | D:2      | HP: 1/30 [adder (4)]
  1356 | D:2      | Slain by an adder

Illustrated notes

Levels and vault maps discovered:
D:1:      dpeg_arrival_windows_large_door, layout_basic, serial_forest,
          infiniplex_forest_corner_2, infiniplex_forest_clump_medium,
          infiniplex_forest_straight_4, infiniplex_forest_side_room,
          infiniplex_forest_straight_1, infiniplex_forest_lined_room_,
          infiniplex_forest_end_double
D:2:      layout_basic, lemuel_crystal_altar,
          chequers_ecumenical_altar_simple_redux

Skill      XL: |  1  2 |
---------------+-------+-----
Dodging        | 3 |  3.0
Fighting       | |  2.4
Short Blades   | |  0.3
Throwing       | |  1.8
Armour         | |  0.4
Unarmed Combat | |  3.9

Action                   || total
-------------------------++-------
Melee: Unarmed           ||    38
       Short sword       ||    56
       Punch             ||     1
  Use: Scroll            ||     2
Armor: Leather armour    ||    30
Dodge: Dodged            ||    73
